TOP OF THE 1ST |
Hudson Valley Renegades batting - Pitching for Lowell Spinners : RHP Ryuhei Shimabukuro
|
Pitching: RHP Ryuhei Shimabukuro
|
|
Batting: SHB Chris Lockart
|
0-0: Swinging Strike 0-1: Ball 1-1: Ball 2-1: Foul Ball, location: 2F 2-2: Hit by Pitch
|
Batting: SHB Josif Popovski
|
0-0: Foul Ball, location: 2F 0-1: Called Strike 0-2: Hit by Pitch Chris Lockart to second
|
Batting: LHB Jonathan Spino
|
0-0: Swinging Strike 0-1: Ball 1-1: Ball 2-1: Ball 3-1: Base on Balls Chris Lockart to third Josif Popovski to second
|
Batting: LHB Rocky Crowley
|
0-0: Foul Ball, location: 2F 0-1: Swinging Strike 0-2: SINGLE (Groundball, 4S, EV 65.0 MPH) (infield hit) Chris Lockart scores Josif Popovski to third Jonathan Spino to second
|
Batting: RHB Jon Gonzales
|
0-0: Swinging Strike 0-1: Foul Ball, location: 2F 0-2: Ball 1-2: Strikes out swinging
|
Batting: SHB Joshua Jackson
|
0-0: Ball 1-0: Swinging Strike 1-1: Ball 2-1: Swinging Strike 2-2: Ball 3-2: Foul Ball, location: 2F 3-2: Base on Balls Josif Popovski scores Jonathan Spino to third Rocky Crowley to second
|
Batting: RHB Alex Koral
|
0-0: Swinging Strike 0-1: Ball 1-1: Foul Ball, location: 2F 1-2: Ball Wild Pitch! Jonathan Spino scores Rocky Crowley to third Joshua Jackson to second 2-2: Fly out, F6 (Line Drive, 6, EV 65.6 MPH)
|
Batting: RHB Evan Chalarian
|
0-0: Ball 1-0: Foul Ball, location: 2F 1-1: Swinging Strike 1-2: Strikes out swinging
|
Top of the 1st over - 3 runs, 1 hit, 0 errors, 2 left on base; Hudson Valley 3 - Lowell 0 |
BOTTOM OF THE 1ST |
Lowell Spinners batting - Pitching for Hudson Valley Renegades : RHP Cameron Bianchi
|
Pitching: RHP Cameron Bianchi
|
|
Batting: RHB Aukukero Tairi
|
0-0: Called Strike 0-1: Foul Ball, location: 2F 0-2: Foul Ball, location: 2F 0-2: Ball 1-2: Fly out, F9 (Flyball, 9, EV 85.6 MPH)
|
Batting: RHB Rogelio Cervantes
|
0-0: Ball 1-0: Ball 2-0: Foul Ball, location: 2F 2-1: SOLO HOME RUN (Line Drive, 78XD, EV 106.2 MPH), Distance : 428 ft
|
Batting: SHB Salvador Padilla
|
0-0: Ball 1-0: Foul Ball, location: 2F 1-1: Ball 2-1: Foul Ball, location: 2F 2-2: Ball 3-2: Foul Ball, location: 2F 3-2: Base on Balls
|
Batting: RHB Xavier Joslin
|
0-0: Ball 1-0: Called Strike 1-1: Foul Ball, location: 2F 1-2: Foul Ball, location: 2F 1-2: Ball 2-2: Foul Ball, location: 2F 2-2: Strikes out looking
|
Batting: RHB Mario Arriero
|
0-0: Called Strike 0-1: Ball 1-1: Ball 2-1: Foul Ball, location: 2F 2-2: SINGLE (Groundball, 34D, EV 99.4 MPH) Salvador Padilla to second Runner from 2nd tries for 3rd, SAFE, throw by RF made to third
|
Batting: RHB Willie Camacho
|
0-0: Ball 1-0: Foul Ball, location: 2F 1-1: Fly out, F9 (Flyball, 9LS, EV 75.6 MPH)
|
Bottom of the 1st over - 1 run, 2 hits, 0 errors, 2 left on base; Hudson Valley 3 - Lowell 1 |
TOP OF THE 2ND |
Hudson Valley Renegades batting - Pitching for Lowell Spinners : RHP Ryuhei Shimabukuro
|
Batting: LHB Alex Genao
|
0-0: Called Strike 0-1: Ground out 4-3 (Groundball, 4, EV 81.9 MPH)
|
Batting: SHB Chris Lockart
|
0-0: Foul Ball, location: 2F 0-1: Ball 1-1: Foul Ball, location: 2F 1-2: Ball 2-2: Fly out, F8 (Line Drive, 8RM, EV 94.4 MPH)
|
Batting: SHB Josif Popovski
|
0-0: Swinging Strike 0-1: Fly out, F7 (Flyball, 7, EV 93.8 MPH)
|
Top of the 2nd over - 0 runs, 0 hits, 0 errors, 0 left on base; Hudson Valley 3 - Lowell 1 |
BOTTOM OF THE 2ND |
Lowell Spinners batting - Pitching for Hudson Valley Renegades : RHP Cameron Bianchi
|
Batting: RHB Mike Strey
|
0-0: Ball 1-0: Foul Ball, location: 2F 1-1: Ball 2-1: SINGLE (Flyball, 4D, EV 98.1 MPH)
|
Batting: RHB Jose Molina
|
0-0: Ball 1-0: Foul Ball, location: 2F 1-1: Ball 2-1: Foul Ball, location: 2F 2-2: Foul Ball, location: 2F 2-2: Foul Ball, location: 2F 2-2: SINGLE (Groundball, 5S, EV 68.1 MPH) (infield hit) Mike Strey to second
|
Batting: LHB Robert Gonzalez
|
0-0: Called Strike 0-1: Ball 1-1: Swinging Strike 1-2: Fielders Choice at 2nd, 4-6 (Groundball, 4, EV 89.4 MPH) Mike Strey to third
|
Batting: RHB Aukukero Tairi
|
0-0: Ball 1-0: Ball Robert Gonzalez steals 2nd base 2-0: Called Strike 2-1: Foul Ball, location: 2F 2-2: Ground out 6-3 (Groundball, 6, EV 79.4 MPH) Mike Strey scores Robert Gonzalez to third
|
Batting: RHB Rogelio Cervantes
|
0-0: Ball 1-0: Ball 2-0: Ball 3-0: Called Strike 3-1: Foul Ball, location: 2F 3-2: Ground out U3 (Groundball, 34S, EV 87.5 MPH)
|
Bottom of the 2nd over - 1 run, 2 hits, 0 errors, 1 left on base; Hudson Valley 3 - Lowell 2 |
TOP OF THE 3RD |
Hudson Valley Renegades batting - Pitching for Lowell Spinners : RHP Ryuhei Shimabukuro
|
Batting: LHB Jonathan Spino
|
0-0: Called Strike 0-1: Ball 1-1: Called Strike 1-2: Ball 2-2: Ball 3-2: Base on Balls
|
Batting: LHB Rocky Crowley
|
0-0: Foul Ball, location: 2F 0-1: Swinging Strike 0-2: Foul Ball, location: 2F 0-2: Ball 1-2: Ground out 4-3 (Groundball, 4, EV 105.0 MPH) Jonathan Spino to second
|
Batting: RHB Jon Gonzales
|
0-0: Ball 1-0: Ball 2-0: Ball 3-0: Swinging Strike 3-1: Called Strike 3-2: Strikes out swinging
|
Batting: SHB Joshua Jackson
|
0-0: Called Strike 0-1: Swinging Strike 0-2: Ball 1-2: Ball 2-2: Ball 3-2: Ground out 6-3 (Groundball, 6, EV 90.0 MPH)
|
Top of the 3rd over - 0 runs, 0 hits, 0 errors, 1 left on base; Hudson Valley 3 - Lowell 2 |
BOTTOM OF THE 3RD |
Lowell Spinners batting - Pitching for Hudson Valley Renegades : RHP Cameron Bianchi
|
Batting: SHB Salvador Padilla
|
0-0: Foul Ball, location: 2F 0-1: Ball 1-1: DOUBLE (Line Drive, 9LS, EV 103.8 MPH)
|
Batting: RHB Xavier Joslin
|
0-0: Ball 1-0: Foul Ball, location: 2F 1-1: Ground out 5-3 (Groundball, 56, EV 109.4 MPH)
|
Batting: RHB Mario Arriero
|
0-0: Called Strike 0-1: Swinging Strike 0-2: Foul Ball, location: 2F 0-2: Fly out, F8 (Flyball, 8RM, EV 86.9 MPH)
|
Batting: RHB Willie Camacho
|
0-0: Called Strike 0-1: SINGLE (Groundball, 4D, EV 104.4 MPH) Salvador Padilla to third Runner from 3rd tries for Home, throw by CF and OUT! 8-2
|
Bottom of the 3rd over - 0 runs, 2 hits, 0 errors, 1 left on base; Hudson Valley 3 - Lowell 2 |
TOP OF THE 4TH |
Hudson Valley Renegades batting - Pitching for Lowell Spinners : RHP Ryuhei Shimabukuro
|
Batting: RHB Alex Koral
|
0-0: Foul Ball, location: 2F 0-1: Ball 1-1: Called Strike 1-2: DOUBLE (Flyball, 78D, EV 109.4 MPH)
|
Batting: RHB Evan Chalarian
|
0-0: Ball 1-0: Ball 2-0: Fly out, F6 (Line Drive, 6M, EV 68.8 MPH)
|
Batting: LHB Alex Genao
|
0-0: Ball 1-0: Swinging Strike 1-1: Swinging Strike 1-2: Ball 2-2: Ball 3-2: Strikes out looking
|
Batting: SHB Chris Lockart
|
0-0: Called Strike 0-1: Ball 1-1: Ground out U3 (Groundball, 3, EV 83.1 MPH)
|
Top of the 4th over - 0 runs, 1 hit, 0 errors, 1 left on base; Hudson Valley 3 - Lowell 2 |
BOTTOM OF THE 4TH |
Lowell Spinners batting - Pitching for Hudson Valley Renegades : RHP Cameron Bianchi
|
Batting: RHB Mike Strey
|
0-0: Ball 1-0: Foul Ball, location: 2F 1-1: Ball 2-1: Called Strike 2-2: Fly out, F7 (Flyball, 7, EV 92.5 MPH)
|
Batting: RHB Jose Molina
|
0-0: Called Strike 0-1: Ground out 4-3 (Groundball, 34, EV 101.9 MPH)
|
Batting: LHB Robert Gonzalez
|
0-0: Ball 1-0: Fly out, F7 (Flyball, 78M, EV 100.0 MPH)
|
Bottom of the 4th over - 0 runs, 0 hits, 0 errors, 0 left on base; Hudson Valley 3 - Lowell 2 |
TOP OF THE 5TH |
Hudson Valley Renegades batting - Pitching for Lowell Spinners : RHP Ryuhei Shimabukuro
|
Batting: SHB Josif Popovski
|
0-0: DOUBLE (Line Drive, 89D, EV 111.9 MPH)
|
Pitching: RHP Jose Abanto
|
|
Batting: LHB Jonathan Spino
|
0-0: Called Strike 0-1: Ball 1-1: Ball 2-1: Ball 3-1: Base on Balls
|
Batting: LHB Rocky Crowley
|
0-0: Called Strike 0-1: Foul Ball, location: 2F 0-2: Strikes out looking
|
Batting: RHB Jon Gonzales
|
0-0: Ball 1-0: Called Strike 1-1: Called Strike 1-2: Ball 2-2: Strikes out swinging
|
Batting: SHB Joshua Jackson
|
0-0: Called Strike 0-1: Swinging Strike 0-2: Ball 1-2: Ball 2-2: Strikes out swinging
|
Top of the 5th over - 0 runs, 1 hit, 0 errors, 2 left on base; Hudson Valley 3 - Lowell 2 |
BOTTOM OF THE 5TH |
Lowell Spinners batting - Pitching for Hudson Valley Renegades : RHP Cameron Bianchi
|
Batting: RHB Aukukero Tairi
|
0-0: Called Strike 0-1: Fly out, F8 (Flyball, 8RD, EV 103.1 MPH)
|
Batting: RHB Rogelio Cervantes
|
0-0: Ball 1-0: SINGLE (Line Drive, 9LS, EV 104.4 MPH)
|
Batting: SHB Salvador Padilla
|
0-0: Called Strike Rogelio Cervantes steals 2nd base 0-1: Called Strike Rogelio Cervantes is caught stealing 3rd base 2-5 0-2: Foul Ball, location: 2F 0-2: Ball 1-2: Foul Ball, location: 2F 1-2: Ball 2-2: Ground out 4-3 (Groundball, 4M, EV 89.4 MPH)
|
Bottom of the 5th over - 0 runs, 1 hit, 0 errors, 0 left on base; Hudson Valley 3 - Lowell 2 |
TOP OF THE 6TH |
Hudson Valley Renegades batting - Pitching for Lowell Spinners : RHP Jose Abanto
|
Batting: RHB Alex Koral
|
0-0: Called Strike 0-1: Foul Ball, location: 2F 0-2: Strikes out swinging
|
Batting: RHB Evan Chalarian
|
0-0: Ball 1-0: Called Strike 1-1: Called Strike 1-2: Foul Ball, location: 2F 1-2: Ball 2-2: Ball 3-2: SINGLE (Groundball, 6S, EV 65.0 MPH) (infield hit)
|
Batting: LHB Alex Genao
|
0-0: Ball Evan Chalarian steals 2nd base 1-0: Fly out, F7 (Flyball, 7D, EV 78.8 MPH)
|
Batting: SHB Chris Lockart
|
0-0: Ball 1-0: Ball 2-0: Fly out, F7 (Flyball, 78M, EV 92.5 MPH)
|
Top of the 6th over - 0 runs, 1 hit, 0 errors, 1 left on base; Hudson Valley 3 - Lowell 2 |
BOTTOM OF THE 6TH |
Lowell Spinners batting - Pitching for Hudson Valley Renegades : RHP Cameron Bianchi
|
Batting: RHB Xavier Joslin
|
0-0: Hit by Pitch
|
Batting: RHB Mario Arriero
|
0-0: Foul Ball, location: 2F 0-1: Ball 1-1: Ball 2-1: Called Strike 2-2: SINGLE (Line Drive, 89S, EV 95.0 MPH) Xavier Joslin to second
|
Batting: RHB Willie Camacho
|
0-0: Ball 1-0: Ball 2-0: Called Strike 2-1: SINGLE (Groundball, 56, EV 105.0 MPH) Xavier Joslin to third Mario Arriero to second
|
Batting: RHB Mike Strey
|
0-0: Called Strike 0-1: Foul Ball, location: 2F 0-2: TRIPLE (Line Drive, 89XD, EV 101.9 MPH) Xavier Joslin scores Mario Arriero scores Willie Camacho scores
|
Pitching: RHP Ryan Kurilla
|
|
Batting: RHB Jose Molina
|
0-0: Called Strike 0-1: Swinging Strike 0-2: Strikes out swinging
|
Batting: LHB Robert Gonzalez
|
0-0: Ball 1-0: Fly out, F6 (Popup, 6, EV 71.9 MPH)
|
Batting: RHB Aukukero Tairi
|
0-0: Ball 1-0: Ball 2-0: Ball 3-0: Base on Balls
|
Batting: RHB Rogelio Cervantes
|
0-0: Called Strike 0-1: Ball 1-1: Ball 2-1: DOUBLE (Groundball, 5L, EV 100.6 MPH) Mike Strey scores Aukukero Tairi to third Runner from 3rd tries for Home, SAFE, no throw by LF
|
Batting: SHB Salvador Padilla
|
0-0: Foul Ball, location: 2F 0-1: Ground out 5-3 (Groundball, 56S, EV 86.2 MPH)
|
Bottom of the 6th over - 5 runs, 4 hits, 0 errors, 1 left on base; Hudson Valley 3 - Lowell 7 |
TOP OF THE 7TH |
Hudson Valley Renegades batting - Pitching for Lowell Spinners : RHP Jose Abanto
|
Batting: SHB Josif Popovski
|
0-0: Called Strike 0-1: Ball 1-1: Foul Ball, location: 2F 1-2: Foul Ball, location: 2F 1-2: Ball 2-2: Fly out, F8 (Line Drive, 8LD, EV 94.4 MPH)
|
Batting: LHB Jonathan Spino
|
0-0: Ball 1-0: Ball 2-0: Called Strike 2-1: Ball 3-1: Base on Balls
|
Pitching: LHP Jose Andujar
|
|
Batting: LHB Rocky Crowley
|
0-0: Called Strike 0-1: Ball 1-1: Ball 2-1: Ball 3-1: Called Strike 3-2: Foul Ball, location: 2F 3-2: Strikes out looking Jonathan Spino steals 2nd base (no throw) Batter strikes out.
|
Batting: RHB Jon Gonzales
|
0-0: Ball 1-0: Ball 2-0: Called Strike 2-1: Swinging Strike 2-2: Ball Wild Pitch! Jonathan Spino to third 3-2: Base on Balls
|
Batting: SHB Joshua Jackson
|
0-0: Called Strike 0-1: Ground out 4-3 (Groundball, 4, EV 88.1 MPH)
|
Top of the 7th over - 0 runs, 0 hits, 0 errors, 2 left on base; Hudson Valley 3 - Lowell 7 |
BOTTOM OF THE 7TH |
Lowell Spinners batting - Pitching for Hudson Valley Renegades : RHP Ryan Kurilla
|
Batting: RHB Xavier Joslin
|
0-0: Ball 1-0: Called Strike 1-1: Ball 2-1: Foul Ball, location: 2F 2-2: Foul Ball, location: 2F 2-2: Ball 3-2: Foul Ball, location: 2F 3-2: SINGLE (Groundball, 6MD, EV 100.0 MPH)
|
Batting: RHB Mario Arriero
|
0-0: Foul Ball, location: 2F 0-1: Ball 1-1: Fly out, F8 (Flyball, 89M, EV 88.8 MPH)
|
Batting: RHB Willie Camacho
|
0-0: Called Strike 0-1: Foul Ball, location: 2F 0-2: Ball Wild Pitch! Xavier Joslin to second 1-2: Ball 2-2: Foul Ball, location: 2F 2-2: SINGLE (Groundball, 6MD, EV 98.1 MPH) Xavier Joslin to third
|
Pitching: RHP Jesus Elizondo
|
|
Batting: RHB Mike Strey
|
0-0: Called Strike 0-1: Ball 1-1: Ball 2-1: Foul Ball, location: 2F 2-2: Strikes out swinging
|
Batting: RHB Jose Molina
|
0-0: Called Strike 0-1: Ball 1-1: Called Strike 1-2: Ball 2-2: Foul Ball, location: 2F 2-2: Strikes out swinging
|
Bottom of the 7th over - 0 runs, 2 hits, 0 errors, 2 left on base; Hudson Valley 3 - Lowell 7 |
TOP OF THE 8TH |
Hudson Valley Renegades batting - Pitching for Lowell Spinners : LHP Jose Andujar
|
Batting: RHB Alex Koral
|
0-0: Ball 1-0: Called Strike 1-1: Swinging Strike 1-2: Strikes out swinging
|
Batting: RHB Evan Chalarian
|
0-0: Ball 1-0: Ball 2-0: Ball 3-0: Called Strike 3-1: Swinging Strike 3-2: Base on Balls
|
Batting: LHB Alex Genao
|
0-0: Ball 1-0: Ball 2-0: Fly out, F9 (Flyball, 89M, EV 87.5 MPH)
|
Batting: SHB Chris Lockart
|
0-0: Called Strike 0-1: Ball 1-1: Swinging Strike 1-2: Foul Ball, location: 2F 1-2: Ball 2-2: Foul Ball, location: 2F 2-2: Ball 3-2: TRIPLE (Flyball, 7LD, EV 111.9 MPH) Evan Chalarian scores
|
Batting: SHB Josif Popovski
|
0-0: Swinging Strike 0-1: Ball 1-1: Ball 2-1: Swinging Strike 2-2: Ball 3-2: Strikes out looking
|
Top of the 8th over - 1 run, 1 hit, 0 errors, 1 left on base; Hudson Valley 4 - Lowell 7 |
BOTTOM OF THE 8TH |
Lowell Spinners batting - Pitching for Hudson Valley Renegades : RHP Jesus Elizondo
|
Batting: LHB Robert Gonzalez
|
0-0: DOUBLE (Line Drive, 5D, EV 100.0 MPH)
|
Batting: RHB Aukukero Tairi
|
0-0: Intentional Walk
|
Batting: RHB Rogelio Cervantes
|
0-0: Bunt missed! 0-1: Bunted foul 0-2: Fielders Choice at 2nd, 6-4 (Groundball, 6, EV 85.6 MPH) Robert Gonzalez to third
|
Batting: SHB Salvador Padilla
|
0-0: Called Strike Rogelio Cervantes steals 2nd base 0-1: Foul Ball, location: 2F 0-2: Ball 1-2: Strikes out looking
|
Batting: RHB Xavier Joslin
|
0-0: Ball 1-0: Ball 2-0: Foul Ball, location: 2F 2-1: SINGLE (Groundball, 6MD, EV 105.6 MPH) Robert Gonzalez scores Rogelio Cervantes to third Runner from 3rd tries for Home, SAFE, throw by CF to home
|
Batting: RHB Mario Arriero
|
0-0: Foul Ball, location: 2F 0-1: Fly out, F8 (Flyball, 8RD, EV 96.9 MPH)
|
Bottom of the 8th over - 2 runs, 2 hits, 0 errors, 1 left on base; Hudson Valley 4 - Lowell 9 |
TOP OF THE 9TH |
Hudson Valley Renegades batting - Pitching for Lowell Spinners : LHP Jose Andujar
|
Batting: LHB Jonathan Spino
|
0-0: Ground out 4-3 (Groundball, 4, EV 86.2 MPH)
|
Batting: LHB Rocky Crowley
|
0-0: Ball 1-0: Ball 2-0: Ball 3-0: DOUBLE (Line Drive, 78D, EV 102.5 MPH)
|
Pitching: LHP Chris Deans
|
|
Batting: RHB Jon Gonzales
|
0-0: SINGLE (Groundball, 56, EV 100.0 MPH) - runner OUT being hit by batted ball. (infield hit)
|
Batting: SHB Joshua Jackson
|
0-0: Swinging Strike 0-1: Foul Ball, location: 2F 0-2: Ball 1-2: SINGLE (Groundball, 6MD, EV 98.8 MPH) Jon Gonzales to second
|
Batting: RHB Alex Koral
|
0-0: Ball 1-0: Foul Ball, location: 2F 1-1: Foul Ball, location: 2F 1-2: Strikes out swinging
|
Top of the 9th over - 0 runs, 3 hits, 0 errors, 2 left on base; Hudson Valley 4 - Lowell 9 |
|